 Dungeon Crawl Stone Soup version 0.29.1-1-gd02db6906a (webtiles) character file.

Game seed: 15994359641928422766

61 GigaChad the Trooper (level 3, -4/34 HPs)
             Began as a Minotaur Fighter on Oct 6, 2022.
             Slain by a gnoll
             ... wielding a +0 halberd
              (10 damage)
             ... on level 2 of the Dungeon.
             The game lasted 00:01:30 (1121 turns).

GigaChad the Trooper (Minotaur Fighter)             Turns: 1121, Time: 00:01:31

Health: -4/34      AC:  7    Str: 22    XL:     3   Next: 83%
Magic:  2/2        EV:  9    Int:  5    God:
Gold:   75         SH:  4    Dex:  9    Spells: 2/2 levels left

rFire   . . .      SeeInvis .   a - +0 long sword
rCold   . . .      Faith    .   c - +0 buckler
rNeg    . . .      Spirit   .   b - +0 scale mail
rPois   .          Reflect  .   (helmet restricted)
rElec   .          Harm     .   (no cloak)
rCorr   .          Rampage  .   (no gloves)
Will    .....                   (no boots)
Stlth   ..........              (no amulet)
HPRegen 0.11/turn               (no ring)
MPRegen 0.08/turn               (no ring)

@: no status effects
A: horns 2, retaliatory headbutt
a: no special abilities


You were on level 2 of the Dungeon.
You visited 1 branch of the dungeon, and saw 2 of its levels.

You collected 75 gold pieces.

Inventory:

Hand Weapons
 a - a +0 long sword (weapon)
Armour
 b - a +0 scale mail (worn)
 c - a +0 buckler (worn)
Jewellery
 f - a ring of ice
Scrolls
 e - a scroll of teleportation {unknown}
 i - 2 scrolls of butterflies {unknown}
 j - a scroll of blinking {unknown}
 l - a scroll of enchant weapon {unknown}
Potions
 d - a potion of might
 g - a potion of curing {unknown}
 h - a potion of attraction {unknown}
 k - a potion of degeneration {unknown}


   Skills:
 + Level 4.4 Fighting
 + Level 2.8 Long Blades
 + Level 4.2 Armour
 + Level 1.1 Dodging
 + Level 4.1 Shields


You had 2 spell levels left.
You didn't know any spells.
Your spell library was empty.

Dungeon Overview and Level Annotations

Branches:
Dungeon (2/15)

Altars:


Innate Abilities, Weirdness & Mutations

You have a pair of horns on your head.
You reflexively headbutt those who attack you in melee.


Message History

The gnoll barely misses you. x2; The gnoll closely misses you.
The gnoll hits you with a +0 whip.
You hit the gnoll but do no damage. Your headbutt misses the gnoll.
The gnoll closely misses you.
The gnoll hits you from afar with a +0 halberd!
You hit the gnoll.
The gnoll is moderately wounded.
You block the gnoll's attack. The gnoll hits you with a +0 club.
The gnoll hits you from afar with a +0 halberd.
You hit the gnoll but do no damage. Your headbutt misses the gnoll.
The gnoll is moderately wounded.
The gnoll barely misses you.
The gnoll hits you from afar with a +0 halberd.
You block the gnoll's attack. The gnoll hits you with a +0 whip.
The gnoll closely misses you. You furiously retaliate!
You headbutt the gnoll! You completely miss the gnoll.
The gnoll is moderately wounded.
The gnoll hits you but does no damage. The gnoll barely misses you.
You hit the gnoll.
The gnoll is severely wounded.
The gnoll hits you with a +0 whip.
* * * LOW HITPOINT WARNING * * *
The gnoll hits you but does no damage. The gnoll closely misses you.
You hit the gnoll.
You kill the gnoll!
The gnoll closely misses you. x2
The gnoll hits you from afar with a +0 halberd.
* * * LOW HITPOINT WARNING * * *
Your Dodging skill increases to level 1!
The gnoll hits you but does no damage.
The gnoll hits you from afar with a +0 halberd.
* * * LOW HITPOINT WARNING * * *
Things that are here:
a +0 whip; a +0 spear You hit the gnoll.
The gnoll is almost dead.
The gnoll hits you with a +0 club.
* * * LOW HITPOINT WARNING * * *
The gnoll hits you from afar with a +0 halberd!
You die...

# . .# #.#
#..# #..#
##.g# #@g#
.. #.##
#.##.##
..#..####
#.##.##.#
##.##.##.#
#....>...#
#.#.#.##.#
#.....##.#


You could see 2 gnolls.

Vanquished Creatures
  3 gnolls
  2 dart slugs (D:1)
  2 ball pythons (D:1)
  An endoplasm (D:1)
  5 giant cockroaches (D:1)
  A hobgoblin (D:1)
  4 jackals (D:1)
  2 quokkas (D:1)
  A bat (D:1)
  2 frilled lizards (D:1)
  3 goblins (D:1)
  A kobold (D:1)
27 creatures vanquished.

Notes
Turn   | Place    | Note
-------+----------+-------------------------------------------
     0 | D:1      | GigaChad the Minotaur Fighter began the quest for the Orb.
     0 | D:1      | Reached XP level 1. HP: 19/19 MP: 0/0
   156 | D:1      | Reached XP level 2. HP: 25/27 MP: 1/1
   597 | D:1      | Reached XP level 3. HP: 31/33 MP: 2/2
  1120 | D:2      | Reached skill level 1 in Dodging
  1121 | D:2      | Slain by a gnoll

Illustrated notes

Levels and vault maps discovered:
D:1:      ncdulo_wetmaze, layout_loops_cross
D:2:      minmay_evil_eye, layout_basic, serial_shops, shop, minmay_circle_x,
          uniq_terence

Skill      XL: |  1  2  3 |
---------------+----------+-----
Fighting       | 4 |  4.4
Armour         | 4 |  4.2
Shields        | 4 |  4.1
Dodging        | 1 |  1.1
Long Blades    | |  2.8

Action                   || total
-------------------------++-------
Melee: Long sword        ||    69
       Headbutt          ||    13
Armor: Scale mail        ||    43
Dodge: Dodged            ||    40
Block: Buckler           ||    17
